[ AOE2 MATCH · #494349053 ]
UnrankedAztecs vs Magyars
Player's team · LOSS
Rival team · WIN
[ REPLAY ANALYSIS · EXTRACTED FROM THE RECORDED GAME ]
Feudal
9:15
Castle
—
Imperial
—
| APM avg | 75.0 |
| APM peak | 112 |
| eAPM avg | 41.0 |
| Villagers / military | 42 / 27 |
Focus
⚔️ 59.7% · 🌾 40.3%
Archer ×11 · Spearman ×9 · Eagle Scout ×4 · Militia ×3
Feudal
8:25
Castle
—
Imperial
—
| APM avg | 97.9 |
| APM peak | 121 |
| eAPM avg | 45.2 |
| Villagers / military | 44 / 22 |
Focus
⚔️ 62.3% · 🌾 37.7%
Skirmisher ×13 · Scout Cavalry ×7 · Archer ×1 · Militia ×1
Match map
Initial resources + every placement click. Lines = walls · curves = elevation contours. ◆ gold · ⬟ stone · ● berries · ✦ relic · ◌ wall gap
Your base· Open — unwalled flank
Plebadin's base· Open — 4t gap
Smoothed initial terrain · ◌ = detected wall gap · hover for details
Inputs per minute
— Kaeften - - Plebadin
Build order — Kaeften
130 actions detected in the replay
| 0:00 | Create | Villager (Male) ×4 |
| 0:01 | Build | House |
| 0:02 | Build | House |
| 1:29 | Create | Villager (Male) |
| 1:50 | Build | Lumber Camp |
| 2:04 | Create | Villager (Male) |
| 2:08 | Create | Villager (Male) |
| 2:49 | Create | Villager (Male) |
| 3:09 | Create | Villager (Male) |
| 3:18 | Build | House |
| 3:33 | Create | Villager (Male) |
| 4:04 | Create | Villager (Male) |
| 4:05 | Create | Villager (Male) |
| 4:05 | Create | Villager (Male) |
| 4:22 | Build | House |
| 4:24 | Build | House |
| 4:47 | Create | Villager (Male) |
| 5:04 | Create | Villager (Male) |
| 5:18 | Create | Villager (Male) |
| 5:51 | Create | Villager (Male) |
| 5:55 | Research | Loom |
| 5:59 | Build | Barracks |
| 6:08 | Build | Palisade Wall |
| 6:09 | Build | Palisade Wall |
| 6:12 | Build | Palisade Wall |
| 7:03 | Research | Feudal Age |
| 7:04 | Create | Militia |
| 7:08 | Build | House |
| 7:16 | Create | Militia |
| 7:27 | Build | Mining Camp |
| 7:47 | Create | Militia |
| 7:50 | Create | Villager (Male) |
| 8:51 | Build | Palisade Wall |
| 9:01 | Build | Mill |
| 9:15 | Age | Feudal Age |
| 9:18 | Research | Man-at-Arms (upgrade) |
| 9:21 | Create | Spearman |
| 9:23 | Create | Villager (Male) |
| 9:40 | Build | Archery Range |
| 9:49 | Create | Villager (Male) |
| 10:08 | Build | Farm |
| 10:18 | Create | Spearman |
| 10:20 | Create | Villager (Male) |
| 10:25 | Build | House |
| 10:29 | Build | Palisade Wall |
| 10:35 | Create | Archer |
| 10:36 | Create | Villager (Male) |
| 10:41 | Build | Palisade Wall |
| 10:44 | Build | Palisade Wall |
| 10:45 | Build | Palisade Wall |
| 10:46 | Build | Palisade Wall |
| 10:48 | Build | Palisade Wall |
| 10:51 | Build | Palisade Wall |
| 10:52 | Build | Palisade Wall |
| 10:54 | Build | Palisade Wall |
| 10:58 | Create | Spearman |
| 10:59 | Create | Villager (Male) |
| 11:10 | Build | Palisade Wall |
| 11:19 | Create | Archer |
| 11:32 | Create | Archer |
| 11:37 | Create | Villager (Male) |
| 11:47 | Build | Palisade Wall |
| 11:50 | Create | Villager (Male) |
| 11:53 | Create | Spearman |
| 11:56 | Build | House |
| 12:00 | Build | Palisade Wall |
| 12:07 | Build | Palisade Wall |
| 12:12 | Build | Palisade Wall |
| 12:14 | Build | Palisade Wall |
| 12:17 | Build | Farm |
| 12:19 | Build | Farm |
| 12:36 | Create | Villager (Male) |
| 12:39 | Build | Palisade Wall |
| 12:43 | Create | Archer |
| 12:49 | Build | Palisade Wall |
| 12:52 | Build | House |
| 12:58 | Create | Villager (Male) |
| 13:05 | Build | Farm |
| 13:17 | Create | Villager (Male) |
| 13:23 | Create | Archer |
| 13:32 | Build | Farm |
| 13:36 | Build | Farm |
| 13:37 | Create | Spearman |
| 13:41 | Build | Palisade Wall |
| 13:48 | Create | Villager (Male) |
| 13:59 | Create | Spearman |
| 14:02 | Create | Archer |
| 14:09 | Build | Farm |
| 14:11 | Build | Farm |
| 14:22 | Create | Spearman |
| 14:27 | Create | Villager (Male) |
| 14:28 | Build | Farm |
| 14:38 | Create | Villager (Male) |
| 14:40 | Build | Farm |
| 14:41 | Create | Archer |
| 15:00 | Build | Palisade Wall |
| 15:03 | Build | Farm |
| 15:06 | Create | Villager (Male) |
| 15:10 | Create | Spearman |
| 15:18 | Create | Villager (Male) |
| 15:20 | Build | House |
| 15:23 | Build | House |
| 15:26 | Build | House |
| 15:58 | Build | Blacksmith |
| 16:12 | Create | Eagle Scout |
| 16:13 | Create | Villager (Male) |
| 16:21 | Build | Palisade Wall |
| 16:27 | Create | Archer |
| 16:28 | Create | Villager (Male) |
| 16:35 | Build | Palisade Wall |
| 16:37 | Create | Archer |
| 16:39 | Create | Eagle Scout |
| 16:42 | Build | Farm |
| 16:45 | Build | Lumber Camp |
| 17:00 | Research | Fletching |
| 17:04 | Create | Villager (Male) |
| 17:19 | Build | Farm |
| 17:19 | Create | Villager (Male) |
| 17:23 | Build | Palisade Wall |
| 17:32 | Create | Archer |
| 17:33 | Create | Villager (Male) |
| 17:34 | Create | Eagle Scout |
| 17:49 | Build | Farm |
| 17:50 | Create | Villager (Male) |
| 17:54 | Create | Archer |
| 17:59 | Create | Villager (Male) |
| 18:04 | Create | Spearman |
| 18:18 | Create | Villager (Male) |
| 18:21 | Create | Eagle Scout |
| 18:27 | Create | Villager (Male) |
Build order — Plebadin
123 actions detected in the replay
| 0:00 | Create | Villager (Male) |
| 0:00 | Create | Villager (Male) |
| 0:01 | Build | House |
| 0:02 | Build | House |
| 0:08 | Create | Villager (Male) |
| 0:08 | Create | Villager (Male) |
| 0:08 | Create | Villager (Male) |
| 1:15 | Create | Villager (Male) |
| 1:44 | Build | Lumber Camp |
| 1:47 | Create | Villager (Male) |
| 2:02 | Create | Villager (Male) |
| 2:03 | Create | Villager (Male) |
| 2:26 | Create | Villager (Male) |
| 2:52 | Create | Villager (Male) |
| 3:23 | Create | Villager (Male) |
| 3:25 | Build | House |
| 3:31 | Build | House |
| 3:57 | Create | Villager (Male) |
| 4:06 | Create | Villager (Male) |
| 4:20 | Build | Mill |
| 4:43 | Create | Villager (Male) |
| 5:06 | Create | Villager (Male) |
| 5:17 | Research | Loom |
| 6:14 | Research | Feudal Age |
| 7:11 | Create | Villager (Male) |
| 7:20 | Build | Barracks |
| 7:21 | Build | Palisade Wall |
| 7:28 | Build | Palisade Wall |
| 7:31 | Create | Villager (Male) |
| 7:45 | Build | House |
| 7:51 | Create | Villager (Male) |
| 8:25 | Age | Feudal Age |
| 8:29 | Build | Stable |
| 8:41 | Build | Palisade Wall |
| 8:42 | Build | Palisade Wall |
| 8:42 | Build | Palisade Wall |
| 8:43 | Build | Palisade Wall |
| 8:44 | Build | Palisade Wall |
| 8:45 | Build | Palisade Wall |
| 8:49 | Build | Palisade Wall |
| 8:50 | Build | Palisade Wall |
| 8:59 | Create | Villager (Male) |
| 9:03 | Build | House |
| 9:04 | Build | Palisade Wall |
| 9:09 | Create | Scout Cavalry |
| 9:09 | Create | Scout Cavalry |
| 9:21 | Build | Palisade Wall |
| 9:27 | Research | Double-Bit Axe |
| 9:36 | Build | House |
| 9:47 | Build | Farm |
| 9:58 | Create | Scout Cavalry |
| 10:03 | Create | Villager (Male) |
| 10:06 | Build | Farm |
| 10:09 | Build | House |
| 10:15 | Create | Scout Cavalry |
| 10:26 | Build | Farm |
| 10:35 | Create | Villager (Male) |
| 10:35 | Create | Villager (Male) |
| 10:36 | Build | Farm |
| 11:01 | Create | Villager (Male) |
| 11:14 | Create | Villager (Male) |
| 11:24 | Create | Villager (Male) |
| 11:25 | Build | Archery Range |
| 11:29 | Build | Farm |
| 11:47 | Create | Scout Cavalry |
| 11:50 | Build | Farm |
| 11:54 | Build | House |
| 12:04 | Create | Villager (Male) |
| 12:21 | Create | Militia |
| 12:29 | Create | Archer |
| 12:38 | Create | Villager (Male) |
| 12:39 | Build | Farm |
| 12:41 | Build | Farm |
| 12:44 | Create | Skirmisher |
| 12:46 | Create | Skirmisher |
| 12:53 | Create | Skirmisher |
| 12:56 | Create | Villager (Male) |
| 12:59 | Build | Farm |
| 13:04 | Create | Villager (Male) |
| 13:07 | Build | House |
| 13:10 | Create | Skirmisher |
| 13:18 | Build | House |
| 13:30 | Create | Skirmisher |
| 13:32 | Create | Villager (Male) |
| 13:56 | Create | Villager (Male) |
| 14:01 | Build | Blacksmith |
| 14:13 | Create | Villager (Male) |
| 14:15 | Build | Farm |
| 14:46 | Create | Villager (Male) |
| 14:48 | Build | Farm |
| 14:53 | Create | Skirmisher |
| 14:54 | Create | Skirmisher |
| 14:55 | Research | Fletching |
| 15:03 | Create | Villager (Male) |
| 15:04 | Build | House |
| 15:05 | Create | Villager (Male) |
| 15:16 | Create | Skirmisher |
| 15:20 | Create | Villager (Male) |
| 15:28 | Build | Lumber Camp |
| 15:37 | Create | Skirmisher |
| 16:10 | Create | Skirmisher |
| 16:14 | Create | Scout Cavalry |
| 16:24 | Create | Villager (Male) |
| 16:27 | Build | Farm |
| 16:28 | Build | Farm |
| 16:40 | Build | House |
| 16:41 | Build | Palisade Wall |
| 16:41 | Create | Villager (Male) |
| 16:46 | Build | Mining Camp |
| 16:59 | Create | Skirmisher |
| 17:02 | Create | Villager (Male) |
| 17:14 | Create | Villager (Male) |
| 17:16 | Create | Villager (Male) |
| 17:18 | Build | Farm |
| 17:18 | Build | Farm |
| 17:26 | Create | Skirmisher |
| 17:30 | Create | Scout Cavalry |
| 18:07 | Create | Skirmisher |
| 18:18 | Create | Villager (Male) |
| 18:28 | Create | Villager (Male) |
| 18:31 | Build | Farm |
| 18:32 | Build | Farm |
| 18:32 | Build | Farm |
Match timeline
| 5:59 | Kaeften · first_building Barracks |
| 6:08 | Kaeften · wall_segment Palisade Wall x1 |
| 6:09 | Kaeften · wall_segment Palisade Wall x1 |
| 6:12 | Kaeften · wall_segment Palisade Wall x1 |
| 7:20 | Plebadin · first_building Barracks |
| 7:21 | Plebadin · wall_segment Palisade Wall x1 |
| 7:28 | Plebadin · wall_segment Palisade Wall x1 |
| 8:25 | Plebadin · age_up feudal |
| 8:29 | Plebadin · first_building Stable |
| 8:41 | Plebadin · wall_segment Palisade Wall x1 |
| 8:42 | Plebadin · wall_segment Palisade Wall x1 |
| 8:42 | Plebadin · wall_segment Palisade Wall x1 |
| 8:43 | Plebadin · wall_segment Palisade Wall x1 |
| 8:44 | Plebadin · wall_segment Palisade Wall x1 |
| 8:45 | Plebadin · wall_segment Palisade Wall x1 |
| 8:49 | Plebadin · wall_segment Palisade Wall x1 |
| 8:50 | Plebadin · wall_segment Palisade Wall x1 |
| 8:51 | Kaeften · wall_segment Palisade Wall x1 |
| 9:04 | Plebadin · wall_segment Palisade Wall x1 |
| 9:15 | Kaeften · age_up feudal |
| 9:21 | Plebadin · wall_segment Palisade Wall x1 |
| 9:40 | Kaeften · first_building Archery Range |
| 10:29 | Kaeften · wall_segment Palisade Wall x1 |
| 10:41 | Kaeften · wall_segment Palisade Wall x1 |
| 10:44 | Kaeften · wall_segment Palisade Wall x1 |
| 10:45 | Kaeften · wall_segment Palisade Wall x1 |
| 10:46 | Kaeften · wall_segment Palisade Wall x1 |
| 10:48 | Kaeften · wall_segment Palisade Wall x1 |
| 10:51 | Kaeften · wall_segment Palisade Wall x1 |
| 10:52 | Kaeften · wall_segment Palisade Wall x1 |
| 10:54 | Kaeften · wall_segment Palisade Wall x1 |
| 11:10 | Kaeften · wall_segment Palisade Wall x2 |
| 11:25 | Plebadin · first_building Archery Range |
| 11:47 | Kaeften · wall_segment Palisade Wall x1 |
| 12:00 | Kaeften · wall_segment Palisade Wall x1 |
| 12:07 | Kaeften · wall_segment Palisade Wall x2 |
| 12:12 | Kaeften · wall_segment Palisade Wall x2 |
| 12:14 | Kaeften · wall_segment Palisade Wall x1 |
| 12:39 | Kaeften · wall_segment Palisade Wall x3 |
| 12:49 | Kaeften · wall_segment Palisade Wall x1 |
| 13:41 | Kaeften · wall_segment Palisade Wall x2 |
| 15:00 | Kaeften · wall_segment Palisade Wall x1 |
| 16:21 | Kaeften · wall_segment Palisade Wall x3 |
| 16:35 | Kaeften · wall_segment Palisade Wall x5 |
| 16:41 | Plebadin · wall_segment Palisade Wall x12 |
| 17:23 | Kaeften · wall_segment Palisade Wall x1 |
| 18:34 | Kaeften · resign |
[ AI ANALYSIS · 1 CREDIT ]
What really happened in this match?
Wolo.gg analyzes every decision: build order, eco, micro, common mistakes by bracket. Personalized analysis on WhatsApp or Discord in 30 seconds.
Civ guide
Aztecs
Perfil
Kaeften